 Dungeon Crawl Stone Soup version 0.29.0-4-gdea44cf6ec (webtiles) character file.

Game seed: 357199867714261381

49 qw the Chopper (level 3, -1/21 HPs)
             Began as a Tengu Warper on Aug 29, 2022.
             Slain by a scorpion (3 damage)
             ... on level 2 of the Dungeon.
             The game lasted 00:00:10 (1608 turns).

qw the Chopper (Tengu Warper)                       Turns: 1608, Time: 00:00:11

Health: -1/21      AC:  3    Str: 13    XL:     3   Next: 77%
Magic:  7/7        EV: 12    Int: 13    God:
Gold:   61         SH:  0    Dex: 13    Spells: 6/6 levels left

rFire   . . .      SeeInvis .   Y - +0 hand axe
rCold   . . .      Faith    .   (no shield)
rNeg    . . .      Spirit   .   b - +0 leather armour
rPois   .          Reflect  .   (helmet restricted)
rElec   .          Harm     .   (no cloak)
rCorr   .          Rampage  .   (no gloves)
Will    .....                   (boots unavailable)
Stlth   +.........              (no amulet)
HPRegen 0.07/turn               (no ring)
MPRegen 0.10/turn               (no ring)

@: lethally poisoned (-1 -> -16)
A: beak, talons 3
a: no special abilities


You were on level 2 of the Dungeon.
You visited 1 branch of the dungeon, and saw 2 of its levels.

You collected 61 gold pieces.


Innate Abilities, Weirdness & Mutations

You have a beak for a mouth.
You have claws for feet.


   Skills:
 - Level 2.0 Fighting
 + Level 4.4 Axes
 - Level 1.0 Throwing
 - Level 1.1 Armour
 - Level 2.1 Dodging
 - Level 2.0 Spellcasting
 - Level 2.4 Translocations


You had 6 spell levels left.
You didn't know any spells.
Your spell library contained the following spells:

 Spells                   Type           Power      Damage    Failure   Level
 Blink                    Tloc           14%        N/A       19%         2
 Gell's Gravitas          Tloc           7%         N/A       36%         3
 Lesser Beckoning         Tloc           7%         N/A       36%         3
 Teleport Other           Tloc           7%         N/A       36%         3
 Manifold Assault         Tloc           7%         N/A       98%         5

Inventory:

Hand Weapons
 e - a +0 whip
 Y - a +0 hand axe (weapon)
Missiles
 k - 2 boomerangs (quivered)
Armour
 b - a +0 leather armour (worn)
 h - a +0 scale mail
Scrolls
 a - a scroll of enchant armour {unknown}
 f - a scroll of identify
Potions
 c - a potion of magic {unknown}
 d - a potion of flight {unknown}
 g - a potion of lignification {unknown}
 i - a potion of degeneration {unknown}
 j - a potion of mutation {unknown}

Dungeon Overview and Level Annotations

Branches:
Dungeon (2/15)

Altars:

Shops:
D:2 =


Message History

You closely miss the goblin. You claw the goblin.
You kill the goblin!
Things that are here:
a +0 dagger; a goblin corpse A scorpion comes into view.
You see here a ruby potion.
Throw: 2 boomerangs
Press: ? - help, Q - select action Shift-Dir - straight line, f - scorpion You throw a boomerang.
The boomerang hits the scorpion.
The scorpion is lightly wounded.
Throw: 2 boomerangs
Press: ? - help, Q - select action Shift-Dir - straight line, f/p - scorpion You throw a boomerang.
The boomerang closely misses the scorpion.
You hit the scorpion.
The scorpion is moderately wounded.
The scorpion barely misses you.
You hit the scorpion. You claw the scorpion.
The scorpion is heavily wounded.
The scorpion barely misses you.
You closely miss the scorpion.
You peck the scorpion, but do no damage.
The scorpion is heavily wounded.
The scorpion stings you.
You are poisoned.
The scorpion poisons you! The scorpion barely misses you.
You barely miss the scorpion. Your kick misses the scorpion.
You peck the scorpion.
You punch the scorpion, but do no damage.
The scorpion is heavily wounded.
You feel very sick. The scorpion stings you.
You are more poisoned.
The scorpion poisons you!
You hit the scorpion.
You punch the scorpion, but do no damage.
The scorpion is severely wounded.
You feel very sick. The scorpion stings you.
You die...

###.....####.....
#.. #####.# #####.
.. #.## ## #..
#..## # #..
##.%### # #...
##...### .###..###
###...#
......s.######
###.### #@.....##
###....
######).##........
###....#######
#...#####
#.#.....#
#..#####.# ### ...
#.# #.. ..## #.#
#.< ... #.# ##..


You could see a scorpion.

Vanquished Creatures
  2 adders (D:2)
  A worm (D:2)
  2 dart slugs (D:2)
  3 endoplasms (D:2)
  A goblin (D:2)
  2 hobgoblins (D:1)
  2 quokkas
  3 ball pythons
  4 bats
  A frilled lizard (D:1)
  3 kobolds
  3 rats (D:1)
27 creatures vanquished.

Vanquished Creatures (others)
  A plant (D:1)
1 creature vanquished.

Grand Total: 28 creatures vanquished

Notes
Turn   | Place    | Note
-------+----------+-------------------------------------------
     0 | D:1      | qw the Tengu Warper began the quest for the Orb.
     0 | D:1      | Reached XP level 1. HP: 12/12 MP: 4/4
     0 | D:1      | 0 ||| qw: Version: 0.1-a-89-g26bdef1
     0 | D:1      | 0 ||| qw: Game counter: 3612
     0 | D:1      | 0 ||| qw: Always use a shield: true
     0 | D:1      | 0 ||| qw: God list: Okawaru
     0 | D:1      | 0 ||| qw: Allow faded altars: false
     0 | D:1      | 0 ||| qw: Do Orc after D:15 true
     0 | D:1      | 0 ||| qw: Do second Lair branch before Depths: true
     0 | D:1      | 0 ||| qw: Lair rune preference: random
     0 | D:1      | 0 ||| qw: Plans: Normal
     0 | D:1      | 0 ||| PLANNING D:1-11
    19 | D:1      | 19 ||| Stepping ~*~*~tactically~*~*~ (stealth).
    20 | D:1      | 20 ||| Stepping ~*~*~tactically~*~*~ (stealth).
   268 | D:1      | Reached skill level 3 in Axes
   268 | D:1      | Reached XP level 2. HP: 13/17 MP: 6/6
   391 | D:1      | Found a faded altar of an unknown god.
   609 | D:1      | 609 ||| READING scroll labelled TEDAESI IHAT.
   610 | D:1      | 610 ||| READING scroll labelled HAUHAE XUGOESM.
   611 | D:1      | 611 ||| READING scroll labelled EZAITU DEOVEM.
   612 | D:1      | 612 ||| DROPPING scroll of blinking.
   665 | D:2      | HP: 4/17 [poisoned by an adder]
   919 | D:2      | Reached XP level 3. HP: 21/21 MP: 7/7
   998 | D:2      | 998 ||| Stepping ~*~*~tactically~*~*~ (stealth).
   999 | D:2      | 999 ||| Stepping ~*~*~tactically~*~*~ (stealth).
  1004 | D:2      | Reached skill level 4 in Axes
  1011 | D:2      | 1011 ||| Stepping ~*~*~tactically~*~*~ (hiding).
  1011 | D:2      | Found Metseaqa's Jewellery Boutique.
  1059 | D:2      | 1059 ||| SHOPLISTING +4 ring of evasion (360 gold, have
                  | 61).
  1059 | D:2      | 1059 ||| SHOPLISTING +6 ring of dexterity (360 gold, have
                  | 61).
  1059 | D:2      | 1059 ||| SHOPLISTING +6 ring of strength (360 gold, have
                  | 61).
  1059 | D:2      | 1059 ||| SHOPLISTING ring "Qutonas" {Fly rElec} (315 gold,
                  | have 61).
  1059 | D:2      | 1059 ||| SHOPLISTING ring of Incredulity {rF+ Int+6} (446
                  | gold, have 61).
  1059 | D:2      | 1059 ||| SHOPLISTING ring of protection from fire (250
                  | gold, have 61).
  1059 | D:2      | 1059 ||| SHOPLISTING ring of willpower (250 gold, have 61).
  1600 | D:2      | Noticed a scorpion
  1608 | D:2      | HP: 2/21 [poisoned by a scorpion]
  1608 | D:2      | Slain by a scorpion

Levels and vault maps discovered:
D:1:      lightli_arrival_statuegarden, layout_rooms, serial_glass,
          glass_columns_a, glass_columns_b, glass_columns_a, glass_columns_b,
          glass_columns_a, glass_columns_a, ebering_ecumenical_altar_sacrificial
D:2:      minmay_wonky_spiral, layout_rooms, serial_shops, shop

Skill      XL: |  1  2  3 |
---------------+----------+-----
Axes           | 3 4 |  4.4
Fighting       | |  2.0
Throwing       | |  1.0
Armour         | |  1.1
Dodging        | |  2.1
Spellcasting   | |  2.0
Translocations | |  2.4

Action                   || total
-------------------------++-------
Melee: Hand axe          ||    62
       Kick              ||    14
       Peck              ||     7
       Punch             ||     2
Throw: Boomerang         ||    10
  Use: Scroll            ||     3
Armor: Leather armour    ||     7
Dodge: Dodged            ||    22

Table legend:
 A = Non-vault XP
 B = Vault XP
 C = Vault XP percentage of total XP
 D = Non-vault monster count
 E = Vault monster count
 F = Vault count percentage of total count
                 A         B        C        D         E       F
            +---------+---------+-------+---------+---------+-------
      Total |      63 |       8 |  11.3 |      24 |       3 |  11.1
            +---------+---------+-------+---------+---------+-------
        D:1 |      16 |       0 |   0.0 |      13 |       0 |   0.0
        D:2 |      47 |       8 |  14.5 |      11 |       3 |  21.4
            +---------+---------+-------+---------+---------+-------
